 Dungeon Crawl Stone Soup version 0.26-a0-612-gd4d190f45e (webtiles) character file.

Game seed: 14048555040195425504

14 DogServant the Digger (level 2, -3/16 HPs)
             Began as a Gargoyle Earth Elementalist on Sept 10, 2020.
             Slain by Terence
             ... wielding a +0 mace of protection
              (7 damage)
             ... on level 1 of the Dungeon.
             The game lasted 00:04:45 (1593 turns).

DogServant the Digger (Gargoyle Earth Elementalist) Turns: 1593, Time: 00:04:45

Health: -3/16      AC:  5    Str: 11    XL:     2   Next: 41%
Magic:  1/5        EV: 12    Int: 15    God:
Gold:   44         SH:  0    Dex: 10    Spells: 4/5 levels left

rFire    . . .     SeeInvis .   (no weapon)
rCold    . . .     Faith    .   (no shield)
rNeg     + . .     Spirit   .   c - +0 robe
rPois    ∞         Reflect  .   (no helmet)
rElec    +         Harm     .   (no cloak)
rCorr    .                      (no gloves)
MR       .....                  h - +0 pair of boots
Stlth    ++........             (no amulet)
HPRegen  0.05/turn              (no ring)
MPRegen  0.09/turn              (no ring)

@: no status effects
A: negative energy resistance 1, electricity resistance, unbreathing,
petrification resistance, rot immunity, AC +2
a: no special abilities


You were on level 1 of the Dungeon.
You visited 1 branch of the dungeon, and saw 2 of its levels.

You collected 44 gold pieces.

Inventory:

Missiles
 b - 41 stones (quivered)
 f - 19 sling bullets
Armour
 c - a +0 robe (worn)
 h - a +0 pair of boots (worn)
 k - a cursed +0 pair of boots
Jewellery
 d - an uncursed ring of protection from cold {unknown}
 l - a +4 ring of protection {unknown}
Scrolls
 a - 2 scrolls of identify
 i - a scroll of remove curse
Potions
 j - a potion of degeneration


   Skills:
 + Level 0.3 Fighting
 + Level 1.7 Dodging
 - Level 2.2 Stealth
 + Level 2.2 Spellcasting
   Level 0.7 Transmutations
 + Level 4.0 Earth Magic


You had 4 spell levels left.
You knew the following spells:

 Your Spells              Type           Power        Failure   Level
a - Sandblast             Erth           ##....       4%          1

Your spell library contained the following spells:

 Spells                   Type           Power        Failure   Level
 Passwall                 Tmut/Erth      #.......     12%         2
 Stone Arrow              Conj/Erth      #.....       28%         3
 Petrify                  Tmut/Erth      #.......     63%         4
 Lee's Rapid Deconstruct  Erth           ##........   75%         5


Dungeon Overview and Level Annotations

Branches:
Dungeon (2/15)

Altars:

Annotations:
D:1 Terence


Innate Abilities, Weirdness & Mutations

You are resistant to torment.
Your stone body is resilient. (AC +2)
You are immune to poison.
You resist negative energy. (rN+)
You are resistant to electric shocks. (rElec)
You can survive without breathing.
You are immune to petrification.
You are immune to rotting.


Message History

Terence misses you.
Casting: Sandblast (safe; 4% risk of failure)
Confirm with . or Enter, or press ? or * to list all spells.
Aiming: Sandblast (safe; 4% risk of failure)
Press: ? - help, Shift-Dir - straight line, f/p - Terence
Aim: Terence, wielding a +0 mace of protection and wearing a +0 scale mail (heavily wounded)
The blast of sand hits Terence but does no damage.
Terence is heavily wounded.
b - 42 stones Terence closely misses you.
Casting: Sandblast (safe; 4% risk of failure)
Confirm with . or Enter, or press ? or * to list all spells.
Aiming: Sandblast (safe; 4% risk of failure)
Press: ? - help, Shift-Dir - straight line, f/p - Terence
Aim: Terence, wielding a +0 mace of protection and wearing a +0 scale mail (heavily wounded)
The blast of sand hits Terence but does no damage.
Terence is heavily wounded.
b - 41 stones Terence hits you with a +0 mace of protection!
You die...

#.##.#....######.#######....#
#.##.###########.......#....#
#..#(....#..[.##.......#....#
#.######.#....##.......#....#
#####.##.#
#.###..##.......#....#
......##.###.#
#..##.#######....#
.............# #..##.# #....#
.####.##†##.## #..##.# #....#
.# #[##.##.####@.##.# #....#
.# #............@##.# #....#
##
####.............#######....#
#############............#
##############


You could see Terence.

Vanquished Creatures
  A dart slug (D:1)
  A giant cockroach (D:1)
  2 hobgoblins (D:1)
  A kobold (D:1)
  3 bats (D:1)
  2 frilled lizards (D:1)
  A rat (D:1)
11 creatures vanquished.

Notes
Turn   | Place    | Note
-------+----------+-------------------------------------------
     0 | D:1      | DogServant the Gargoyle Earth Elementalist began the quest
                  | for the Orb.
     0 | D:1      | Reached XP level 1. HP: 10/10 MP: 3/3
   789 | D:1      | Reached XP level 2. HP: 15/15 MP: 3/5
  1181 | D:1      | Reached skill level 4 in Earth Magic
  1278 | D:2      | Noticed Terence
  1593 | D:1      | Slain by Terence

Illustrated notes

Levels and vault maps discovered:
D:1:      nzn_arrival_water_spiral, layout_loops_ring, serial_co_window_serial,
          co_window_corner_a, co_window_of_opportunity_a,
          co_window_of_opportunity_a, co_window_corner_a,
          co_window_of_opportunity_a, co_window_2corner, co_window_paths_c,
          co_window_cross_4, co_window_broadway_a, glass_columns_a,
          glass_columns_b
D:2:      layout_basic, chequers_serial_rivers_small_3, kennysheep_flooded_box,
          hex_medium, nrook_loot_triangle, uniq_terence

Skill      XL: |  1  2 |
---------------+-------+-----
Earth Magic    | 4 |  4.0
Fighting       | |  0.3
Dodging        | |  1.7
Stealth        | |  2.2
Spellcasting   | |  2.2
Transmutations | |  0.7

Action                   || total
-------------------------++-------
Melee: Unarmed           ||     9
Throw: Dart              ||     6
 Cast: Sandblast         ||    28
  Use: Scroll            ||     4
Armor: Robe              ||     6
Dodge: Dodged            ||    13

Table legend: (Time is in decaauts)
 A = Elapsed time spent in this place.
 B = Non-inter-level travel time spent in this place.
 C = Inter-level travel time spent in this place.
 D = Time resting spent in this place.
 E = Time spent auto-exploring this place.
 F = Levels seen in this place.
 G = Mean time per level.
                   A        B        C        D        E       F      G
               +--------+--------+--------+--------+--------+-----+--------+
         Total |   1598 |   1592 |      6 |     97 |   1170 |   2 |  799.0 |
       Dungeon |   1598 |   1592 |      6 |     97 |   1170 |   2 |  799.0 |
               +--------+--------+--------+--------+--------+-----+--------+

Top non-repeatable levels by time:
     D:1: 1538 daAuts
     D:2: 59 daAuts
